 Dungeon Crawl Stone Soup version 0.31-a0-182-gc5ef74bbde (webtiles) character file.

Game seed: 1514300123176628266

2282 qw the Skirmisher (level 9, -1/82 HPs)
             Began as a Naga Hunter on June 20, 2023.
             Was an Initiate of Okawaru.
             Killed by divine providence
             ... invoked by an orc priest
              (15 damage)
             ... on level 7 of the Dungeon.
             The game lasted 00:02:18 (5992 turns).

qw the Skirmisher (Naga Hunter)                     Turns: 5992, Time: 00:02:19

Health: -1/82      AC: 10    Str: 14    XL:     9   Next: 39%
Magic:  9/9        EV: 11    Int:  9    God:    Okawaru [......]
Gold:   183        SH:  0    Dex: 19    Spells: 8/8 levels left

rFire   . . .        Y - +2 shortbow
rCold   . . .        (shield currently unavailable)
rNeg    . . .        n - +2 robe {Will+}
rPois   +            f - +1 helmet
rElec   .            (no cloak)
rCorr   .            e - +1 pair of gloves
SInv    +            (no barding)
Will    ++...        i - amulet of faith
Stlth   ++           (no ring)
HPRegen 0.33/turn    (no ring)
MPRegen 0.11/turn

%: faith
@: about to teleport, very slow
A: AC +3, large, see invisible, deformed body, poison resistance, slowness 2,
spit poison 1, naga tail 1
a: Spit Poison, Renounce Religion


You were on level 7 of the Dungeon.
You worshipped Okawaru.
Okawaru was noncommittal.
You visited 2 branches of the dungeon, and saw 8 of its levels.

You collected 304 gold pieces.
You spent 121 gold pieces at shops.


Innate Abilities, Weirdness & Mutations

Your serpentine skin is tough. (AC +3)
You have supernaturally acute eyesight. (SInv)
Armour fits poorly on your strangely shaped body.
Your system is resistant to poisons. (rPois)
You cover ground very slowly.
You can spit poison.
You have a snake-like lower body.


   Skills:
 + Level 6.1 Fighting
 - Level 10.0 Ranged Weapons
 - Level 1.1 Armour
 - Level 3.0 Dodging
 - Level 1.5 Stealth


You had 8 spell levels left.
You didn't know any spells.
Your spell library was empty.

Inventory:

Hand Weapons
 Y - a +2 shortbow (weapon)
Armour
 e - a +1 pair of gloves (worn)
 f - a +1 helmet (worn)
 n - a +2 robe of willpower (worn)
Jewellery
 h - an amulet of the acrobat
 i - an amulet of faith (around neck)
Scrolls
 a - a scroll of identify
 b - 2 scrolls of teleportation
Potions
 d - 3 potions of mutation
 g - a potion of haste
 j - a potion of brilliance {unknown}
 k - a potion of attraction {unknown}
 l - a potion of heal wounds
 m - a potion of curing {unknown}

Dungeon Overview and Level Annotations

Branches:
Dungeon (7/15)             Temple (1/1) D:6

Altars:
Ashenzari
Cheibriados
Dithmenos
Elyvilon
Fedhas
Gozag
Hepliaklqana
Kikubaaqudgha
Makhleb
Nemelex Xobeh
Okawaru
Qazlal
Ru
Sif Muna
Trog
Uskayaw
Vehumet
Wu Jian
Xom
Yredelemnul
Zin

Shops:
D:4 (

Annotations:
D:4 1 runed translucent door, Crazy Yiuf
D:5 3 runed translucent doors, qw's ghost, novice GrFi


Message History

You destroy the phantom!
Okawaru accepts your kill.
Your Ranged Weapons skill increases to level 10!
You shoot an arrow. The arrow hits the orc.
The orc is heavily wounded.
You have got your breath back.
The orc hits you but does no damage.
5987 ||| INVOKING Spit Poison.
Aiming: Spit Poison (1% risk of failure)
Press: ? - help, Shift-Dir - straight line, f - orc priest, p - orc The splash of poison hits the orc priest.
The orc priest looks even sicker.
The orc priest is almost dead.
You kill the orc priest!
Okawaru accepts your kill. The orc hits you but does no damage.
The orc misses you.
You shoot an arrow.
The arrow hits the orc but does no damage.
The orc is heavily wounded.
You shoot an arrow.
The arrow hits the orc but does no damage.
The orc is heavily wounded.
The orc hits you but does no damage. x2
You shoot an arrow. The arrow hits the orc!
You kill the orc!
Okawaru accepts your kill. The orc hits you but does no damage.
The orc priest hits you with a +0 hand axe.
5991 ||| READING 3 scrolls of teleportation.
As you read the scroll of teleportation, it crumbles to dust.
You feel strangely unstable.
The orc priest invokes the aid of Beogh against you.
You resist with almost no effort. The orc closely misses you.
You shoot an arrow.
The arrow hits the orc priest but does no damage.
You have got your breath back.
The orc hits you from afar with a +0 trident!
The orc priest calls down the wrath of Beogh upon you.
Beogh smites you!
You die...

#. #. # #)
.. #.###
...
#...##.....
#..... ..#
#...# ...#
#@.# ....#
##)o##.....
+..o......o
##...))...#
#..##....#
##..# ....#
#...# ...>
#.^.# ..
#...#


You could see an orc priest and an orc.

Vanquished Creatures
  Grinder (D:3)
  Sigmund (D:2)
  Eustachio (D:6)
  Edmund (D:6)
  2 black bears
  2 sky beasts
  2 centaurs
  2 phantoms
  3 bullfrogs
  A scorpion (D:6)
  3 electric eels
  5 hounds
  An orc priest (D:7)
  5 iguanas
  2 sleepcaps
  Jessica (D:2)
  4 orc wizards
  Robin (D:2)
  4 adders
  An ufetubus (D:6)
  A worm (D:2)
  2 dart slugs
  19 orcs
  3 bats
  5 endoplasms
  A giant cockroach (D:4)
  16 goblins
  9 hobgoblins
  3 jackals (D:4)
  2 quokkas
  5 ball pythons
  4 frilled lizards
  5 kobolds
  3 rats
121 creatures vanquished.

Notes
Turn   | Place    | Note
-------+----------+-------------------------------------------
     0 | D:1      | qw the Naga Hunter began the quest for the Orb.
     0 | D:1      | Reached XP level 1. HP: 19/19 MP: 1/1
     0 | D:1      | 0 ||| qw: Version: 0.3-a-9-g12657ce
     0 | D:1      | 0 ||| qw: Game counter: 1296
     0 | D:1      | 0 ||| qw: Always use a shield: true
     0 | D:1      | 0 ||| qw: God list: Okawaru
     0 | D:1      | 0 ||| qw: Allow faded altars: false
     0 | D:1      | 0 ||| qw: Do Orc after D:15 true
     0 | D:1      | 0 ||| qw: Do second Lair branch before Depths: true
     0 | D:1      | 0 ||| qw: Lair rune preference: random
     0 | D:1      | 0 ||| qw: Plans: Normal
     0 | D:1      | 0 ||| PLANNING D:1-11
    15 | D:1      | 15 ||| INVOKING Spit Poison.
    38 | D:1      | 38 ||| INVOKING Spit Poison.
    41 | D:1      | 41 ||| INVOKING Spit Poison.
    47 | D:1      | 47 ||| INVOKING Spit Poison.
    54 | D:1      | 54 ||| INVOKING Spit Poison.
   123 | D:1      | 123 ||| INVOKING Spit Poison.
   136 | D:1      | 136 ||| INVOKING Spit Poison.
   137 | D:1      | Reached skill level 4 in Ranged Weapons
   137 | D:1      | Reached XP level 2. HP: 26/26 MP: 2/2
   140 | D:1      | 140 ||| INVOKING Spit Poison.
   297 | D:1      | 297 ||| READING 2 scrolls labelled QOENGOLULLUZ.
   298 | D:1      | 298 ||| READING scroll labelled JAHUUSHASTA.
   301 | D:1      | 301 ||| INVOKING Spit Poison.
   422 | D:1      | 422 ||| UPGRADING to +0 pair of gloves.
   427 | D:1      | 427 ||| READING scroll labelled IMIYNOR ATOTZ.
   428 | D:1      | 428 ||| READING 2 scrolls of identify.
   428 | D:1      | 428 ||| IDENTIFYING glowing brown potion
   429 | D:1      | 429 ||| DROPPING scroll of butterflies.
   454 | D:2      | 454 ||| STAIRDANCE
   532 | D:2      | Noticed Robin
   533 | D:2      | 533 ||| INVOKING Spit Poison.
   540 | D:2      | 540 ||| INVOKING Spit Poison.
   545 | D:2      | 545 ||| INVOKING Spit Poison.
   546 | D:2      | Killed Robin
   547 | D:2      | Reached XP level 3. HP: 23/32 MP: 3/3
   551 | D:2      | 551 ||| INVOKING Spit Poison.
   555 | D:2      | 555 ||| INVOKING Spit Poison.
   605 | D:2      | 605 ||| INVOKING Spit Poison.
   609 | D:2      | 609 ||| INVOKING Spit Poison.
   620 | D:2      | 620 ||| INVOKING Spit Poison.
   651 | D:2      | 651 ||| INVOKING Spit Poison.
   835 | D:2      | 835 ||| INVOKING Spit Poison.
   836 | D:2      | Reached skill level 5 in Ranged Weapons
   897 | D:2      | Reached XP level 4. HP: 39/39 MP: 4/4
   910 | D:2      | Noticed Jessica
   911 | D:2      | 911 ||| INVOKING Spit Poison.
   913 | D:2      | Noticed Sigmund
   916 | D:2      | 916 ||| INVOKING Spit Poison.
   919 | D:2      | Killed Jessica
   920 | D:2      | 920 ||| INVOKING Spit Poison.
   926 | D:2      | 926 ||| INVOKING Spit Poison.
   927 | D:2      | Killed Sigmund
   928 | D:2      | Reached XP level 5. HP: 29/51 MP: 5/5
   928 | D:2      | Reached XP level 6. HP: 34/60 MP: 6/6
  1021 | D:2      | Found a snail-covered altar of Cheibriados.
  1051 | D:2      | 1051 ||| INVOKING Spit Poison.
  1068 | D:2      | 1068 ||| INVOKING Spit Poison.
  1100 | D:2      | 1100 ||| INVOKING Spit Poison.
  1345 | D:2      | 1345 ||| UPGRADING to +1 helmet.
  1350 | D:2      | 1350 ||| UPGRADING to amulet of faith.
  1355 | D:2      | 1355 ||| READING scroll labelled IHUMAT DOGRURI.
  1356 | D:2      | 1356 ||| READING 2 scrolls of identify.
  1356 | D:2      | 1356 ||| IDENTIFYING pink potion
  1435 | D:3      | 1435 ||| INVOKING Spit Poison.
  1456 | D:3      | 1456 ||| INVOKING Spit Poison.
  1483 | D:3      | 1483 ||| INVOKING Spit Poison.
  1551 | D:3      | 1551 ||| INVOKING Spit Poison.
  1552 | D:3      | Noticed Grinder
  1555 | D:3      | Paralysed by Grinder for 5 turns
  1573 | D:3      | Paralysed by Grinder for 5 turns
  1574 | D:3      | HP: 11/60 [Grinder/puff of flame (10)]
  1575 | D:3      | HP: 3/60 [Grinder/puff of flame (8)]
  1578 | D:3      | 1578 ||| READING 2 scrolls of teleportation.
  1578 | D:3      | HP: 1/60 [Grinder/nerve-wracking pain (3)]
  1579 | D:3      | 1579 ||| DRINKING potion of heal wounds.
  1586 | D:3      | 1586 ||| FLEEEEING.
  1589 | D:3      | 1589 ||| STAIRDANCE
  1719 | D:2      | 1719 ||| DROPPING ring of wizardry.
  1720 | D:2      | 1720 ||| READING scroll labelled QETYCK XA CIU.
  1721 | D:2      | 1721 ||| READING scroll labelled FERUEW HATUQ.
  1727 | D:3      | 1727 ||| INVOKING Spit Poison.
  1734 | D:3      | 1734 ||| INVOKING Spit Poison.
  1887 | D:3      | 1887 ||| INVOKING Spit Poison.
  1892 | D:3      | 1892 ||| INVOKING Spit Poison.
  1900 | D:3      | 1900 ||| INVOKING Spit Poison.
  2058 | D:3      | 2058 ||| DRINKING 2 fuming golden potions.
  2059 | D:3      | 2059 ||| DROPPING potion of degeneration.
  2087 | D:3      | Killed Grinder
  2088 | D:3      | Reached skill level 6 in Ranged Weapons
  2088 | D:3      | Reached XP level 7. HP: 31/66 MP: 7/7
  2231 | D:4      | Found Fisisok's Antique Weapon Boutique.
  2232 | D:4      | 2232 ||| INVOKING Spit Poison.
  2239 | D:4      | 2239 ||| INVOKING Spit Poison.
  2259 | D:4      | 2259 ||| BUYING glowing sling (121 gold).
  2259 | D:4      | Bought a glowing sling for 121 gold pieces
  2259 | D:4      | 2259 ||| SHOPLISTING runed shortbow (162 gold, have 34).
  2259 | D:4      | 2259 ||| SHOPLISTING runed sling (121 gold, have 34).
  2259 | D:4      | 2259 ||| DROPPING +2 sling of freezing.
  2268 | D:4      | 2268 ||| INVOKING Spit Poison.
  2279 | D:4      | 2279 ||| INVOKING Spit Poison.
  2303 | D:4      | 2303 ||| INVOKING Spit Poison.
  2309 | D:4      | 2309 ||| INVOKING Spit Poison.
  2338 | D:4      | 2338 ||| INVOKING Spit Poison.
  2362 | D:4      | 2362 ||| INVOKING Spit Poison.
  2369 | D:4      | 2369 ||| INVOKING Spit Poison.
  2417 | D:4      | 2417 ||| INVOKING Spit Poison.
  2506 | D:4      | Found a runed translucent door.
  2507 | D:4      | Noticed Crazy Yiuf
  2653 | D:4      | 2653 ||| INVOKING Spit Poison.
  2656 | D:4      | 2656 ||| INVOKING Spit Poison.
  2661 | D:4      | 2661 ||| INVOKING Spit Poison.
  2710 | D:4      | 2710 ||| INVOKING Spit Poison.
  2715 | D:4      | 2715 ||| INVOKING Spit Poison.
  2742 | D:4      | 2742 ||| INVOKING Spit Poison.
  2745 | D:4      | 2745 ||| INVOKING Spit Poison.
  2749 | D:4      | 2749 ||| INVOKING Spit Poison.
  2751 | D:4      | Reached skill level 7 in Ranged Weapons
  3030 | D:4      | 3030 ||| READING scroll labelled MOWAOR JOSO.
  3031 | D:4      | 3031 ||| READING scroll labelled ROEHAC LITE.
  3134 | D:4      | 3134 ||| READING 2 scrolls labelled SOGRYL QYHEYG.
  3135 | D:4      | 3135 ||| READING scroll of enchant weapon.
  3135 | D:4      | 3135 ||| ENCHANTING +1 shortbow.
  3184 | D:5      | Entered Level 5 of the Dungeon
  3247 | D:5      | 3247 ||| INVOKING Spit Poison.
  3253 | D:5      | 3253 ||| INVOKING Spit Poison.
  3256 | D:5      | Reached skill level 1 in Armour
  3256 | D:5      | 3256 ||| INVOKING Spit Poison.
  3279 | D:5      | 3279 ||| INVOKING Spit Poison.
  3282 | D:5      | 3282 ||| INVOKING Spit Poison.
  3288 | D:5      | 3288 ||| INVOKING Spit Poison.
  3289 | D:5      | 3289 ||| INVOKING Spit Poison.
  3294 | D:5      | 3294 ||| INVOKING Spit Poison.
  3317 | D:5      | Found a runed translucent gate.
  3317 | D:5      | Found a runed translucent gate.
  3317 | D:5      | Found a runed translucent gate.
  3321 | D:5      | Noticed qw's ghost (novice GrFi)
  3366 | D:5      | Reached XP level 8. HP: 56/73 MP: 8/8
  3570 | D:5      | 3570 ||| INVOKING Spit Poison.
  3573 | D:5      | 3573 ||| INVOKING Spit Poison.
  3580 | D:5      | 3580 ||| INVOKING Spit Poison.
  3581 | D:5      | Reached skill level 8 in Ranged Weapons
  3724 | D:5      | 3724 ||| INVOKING Spit Poison.
  3854 | D:5      | 3854 ||| INVOKING Spit Poison.
  3911 | D:5      | 3911 ||| INVOKING Spit Poison.
  3988 | D:5      | 3988 ||| READING scroll labelled WIYCIE NIYHIOG.
  4006 | D:6      | 4006 ||| PLANNING OSSUARY
  4007 | D:6      | 4007 ||| INVOKING Spit Poison.
  4014 | D:6      | 4014 ||| INVOKING Spit Poison.
  4018 | D:6      | 4018 ||| INVOKING Spit Poison.
  4109 | D:6      | 4109 ||| INVOKING Spit Poison.
  4113 | D:6      | 4113 ||| INVOKING Spit Poison.
  4116 | D:6      | 4116 ||| INVOKING Spit Poison.
  4121 | D:6      | 4121 ||| INVOKING Spit Poison.
  4163 | D:6      | 4163 ||| READING scroll of enchant armour.
  4163 | D:6      | 4163 ||| ENCHANTING +0 pair of gloves.
  4244 | D:6      | 4244 ||| FLEEEEING.
  4247 | D:6      | 4247 ||| FLEEEEING.
  4248 | D:6      | 4248 ||| FLEEEEING.
  4274 | D:6      | 4274 ||| FLEEEEING.
  4372 | D:6      | 4372 ||| INVOKING Spit Poison.
  4402 | D:6      | 4402 ||| INVOKING Spit Poison.
  4402 | D:6      | Noticed Edmund
  4410 | D:6      | 4410 ||| INVOKING Spit Poison.
  4416 | D:6      | 4416 ||| INVOKING Spit Poison.
  4417 | D:6      | Killed Edmund
  4418 | D:6      | Reached skill level 9 in Ranged Weapons
  4565 | D:6      | 4565 ||| INVOKING Spit Poison.
  4569 | D:6      | 4569 ||| INVOKING Spit Poison.
  4576 | D:6      | 4576 ||| INVOKING Spit Poison.
  4598 | D:6      | Noticed Eustachio
  4601 | D:6      | 4601 ||| INVOKING Spit Poison.
  4607 | D:6      | 4607 ||| INVOKING Spit Poison.
  4608 | D:6      | 4608 ||| INVOKING Spit Poison.
  4612 | D:6      | 4612 ||| INVOKING Spit Poison.
  4618 | D:6      | 4618 ||| INVOKING Spit Poison.
  4624 | D:6      | 4624 ||| Stepping ~*~*~tactically~*~*~ (outnumbered).
  4624 | D:6      | Killed Eustachio
  4625 | D:6      | Reached skill level 6 in Fighting
  4682 | D:6      | 4682 ||| RIP OSSUARY
  4741 | D:6      | 4741 ||| PLANNING D:1-11
  4743 | D:6      | Found a staircase to the Ecumenical Temple.
  4744 | D:6      | 4744 ||| PLANNING TEMPLE
  4753 | Temple   | Entered the Ecumenical Temple
  4773 | Temple   | 4773 ||| PLANNING OKAWARU WORSHIP
  5010 | Temple   | Became a worshipper of Warmaster Okawaru
  5011 | Temple   | 5011 ||| PLANNING D:1-11
  5138 | D:6      | 5138 ||| INVOKING Spit Poison.
  5139 | D:6      | Reached XP level 9. HP: 82/82 MP: 9/9
  5199 | D:6      | 5199 ||| INVOKING Spit Poison.
  5211 | D:6      | 5211 ||| INVOKING Spit Poison.
  5216 | D:6      | 5216 ||| INVOKING Spit Poison.
  5220 | D:6      | 5220 ||| INVOKING Spit Poison.
  5645 | D:6      | 5645 ||| INVOKING Spit Poison.
  5651 | D:6      | 5651 ||| INVOKING Spit Poison.
  5655 | D:6      | 5655 ||| INVOKING Spit Poison.
  5699 | D:6      | 5699 ||| INVOKING Spit Poison.
  5702 | D:6      | 5702 ||| INVOKING Spit Poison.
  5703 | D:6      | Reached skill level 3 in Dodging
  5723 | D:6      | 5723 ||| UPGRADING to +2 robe of willpower.
  5733 | D:6      | 5733 ||| DROPPING +0 leather armour.
  5734 | D:6      | 5734 ||| READING 2 scrolls of identify.
  5734 | D:6      | 5734 ||| IDENTIFYING cyan potion
  5776 | D:7      | 5776 ||| INVOKING Spit Poison.
  5778 | D:7      | 5778 ||| FLEEEEING.
  5779 | D:7      | 5779 ||| STAIRDANCE
  5813 | D:7      | 5813 ||| INVOKING Spit Poison.
  5829 | D:7      | 5829 ||| INVOKING Spit Poison.
  5843 | D:7      | 5843 ||| INVOKING Spit Poison.
  5851 | D:7      | 5851 ||| INVOKING Spit Poison.
  5859 | D:7      | 5859 ||| INVOKING Spit Poison.
  5861 | D:7      | Reached * piety under Okawaru
  5967 | D:7      | 5967 ||| INVOKING Spit Poison.
  5971 | D:7      | 5971 ||| INVOKING Heroism.
  5974 | D:7      | 5974 ||| INVOKING Spit Poison.
  5980 | D:7      | 5980 ||| INVOKING Spit Poison.
  5986 | D:7      | Reached skill level 10 in Ranged Weapons
  5987 | D:7      | 5987 ||| INVOKING Spit Poison.
  5990 | D:7      | HP: 20/82 [orc priest/+0 hand axe (2)]
  5991 | D:7      | 5991 ||| READING 3 scrolls of teleportation.
  5992 | D:7      | Killed from afar by an orc priest

Levels and vault maps discovered:
D:1:      psy_arrival_terrarium, layout_rooms, chequers_jeans, nrook_campfire,
          minmay_misc_feat_plants, nicolae_kite_square_tiling_tiny
D:2:      layout_loops_ring, serial_forest, infiniplex_forest_clump_tiny,
          infiniplex_forest_fountain, infiniplex_forest_clump_medium,
          infiniplex_forest_lined_room_2, infiniplex_forest_clump_double,
          infiniplex_forest_end_double, infiniplex_forest_clump_small,
          infiniplex_forest_end_3, infiniplex_forest_zigzag_1, basic_altar,
          uniq_jessica, uniq_sigmund, uniq_robin
D:3:      layout_basic, uniq_grinder
D:4:      layout_loops_cross, serial_shops, nicolae_shop_overgrown_old_shop,
          hangedman_decor_riveting, uniq_crazy_yiuf_cottage
D:5:      layout_loops_ring, biasface_ghost_orc_armoury,
          nicolae_elevator_lobby_plus
D:6:      layout_basic, minmay_temple_entry_trees, nicolae_ossuary_entry_plus,
          serial_glass, glass_columns_a, glass_columns_a,
          kennysheep_cluttered_room, uniq_eustachio, uniq_edmund
D:7:      layout_gridville, serial_bayou, serial_bayou_lagoon_a,
          serial_bayou_lagoon_b, serial_bayou_ford_a, serial_bayou_lake_a,
          serial_bayou_pond_c, serial_bayou_shore_a, uniq_prince_ribbit1,
          uniq_menkaure
Temple:   nicolae_temple_the_god_donut

Skill      XL: |  1  2  3  4  5  6  7  8  9 |
---------------+----------------------------+-----
Ranged Weapons | 4 5 6 7 9 10 | 10.0
Fighting       | 4 6 |  6.1
Dodging        | 2 3 |  3.0
Armour         | 1 |  1.1
Stealth        | |  1.5

Action                     |  1- 3 |  4- 6 |  7- 9 || total
---------------------------+-------+-------+-------++-------
   Fire: Shortbow          |    66 |    61 |   264 ||   391
 Invoke: Heroism           |       |       |     1 ||     1
Ability: Spit Poison       |    19 |    16 |    69 ||   104
    Use: Scroll            |     4 |     5 |     8 ||    17
         Potion            |       |     2 |       ||     2
 Armour: Leather armour    |     5 |    10 |   101 ||   116
         Robe              |       |       |    14 ||    14
  Dodge: Dodged            |     9 |     6 |   117 ||   132

Table legend:
 A = Non-vault XP
 B = Vault XP
 C = Vault XP percentage of total XP
 D = Non-vault monster count
 E = Vault monster count
 F = Vault count percentage of total count
                 A         B        C        D         E       F
            +---------+---------+-------+---------+---------+-------
      Total |    2331 |     929 |  28.5 |     105 |      16 |  13.2
            +---------+---------+-------+---------+---------+-------
        D:1 |      26 |       0 |   0.0 |      17 |       0 |   0.0
        D:2 |      30 |     301 |  90.9 |       8 |      13 |  61.9
        D:3 |      36 |     262 |  87.9 |      13 |       1 |   7.1
        D:4 |     407 |       0 |   0.0 |      21 |       0 |   0.0
        D:5 |     427 |       0 |   0.0 |      14 |       0 |   0.0
        D:6 |     732 |     366 |  33.3 |      19 |       2 |   9.5
        D:7 |     673 |       0 |   0.0 |      13 |       0 |   0.0
            +---------+---------+-------+---------+---------+-------
